 Dungeon Crawl Stone Soup version 0.23.0-3-gf3c87f2 (webtiles) character file.

Game seed: 5386838576922936864

103 Borgoz the Sneak (level 4, 0/33 HPs)
             Began as a Ghoul Enchanter on Feb 24, 2019.
             Killed from afar by a white imp (6 damage)
             ... with a puff of frost
             ... summoned by Natasha
             ... on level 3 of the Dungeon.
             The game lasted 00:07:43 (2140 turns).

Borgoz the Sneak (Ghoul Enchanter)                  Turns: 2140, Time: 00:07:44

Health: 0/33       AC:  3    Str: 17 (21) XL:     4   Next: 79%
Magic:  1/5        EV: 12    Int:  7 (10) God:
Gold:   103        SH:  0    Dex:  9 (10) Spells: 3/6 levels left

rFire    . . .     SeeInvis .   a - +1 dagger
rCold    + . .     Gourm    .   (no shield)
rNeg     + + +     Faith    .   c - +0 leather armour
rPois    ∞         Spirit   .   (no helmet)
rElec    .         Reflect  .   (no cloak)
rCorr    .         Harm     .   (no gloves)
MR       .....                  (no boots)
Stlth    ++........             (no amulet)
HPRegen  0.00/turn              h - +5 ring of strength
MPRegen  0.09/turn              (no ring)

@: mighty, very slightly contaminated, rotting
A: rotting body, claws 1, carnivore, cold resistance 1, negative energy
resistance 3, inhibited regeneration, torment resistance, unbreathing
a: no special abilities


You were on level 3 of the Dungeon.
You were not hungry.

You visited 1 branch of the dungeon, and saw 3 of its levels.

You collected 103 gold pieces.

Inventory:

Hand Weapons
 a - a +1 dagger (weapon)
Armour
 c - a +0 leather armour (worn)
Jewellery
 h - a +5 ring of strength (left claw)
 n - an uncursed ring of positive energy {unknown}
Wands
 b - a wand of flame (16)
Scrolls
 f - a scroll of fog {unknown}
 j - a scroll of remove curse {unknown}
 k - a scroll of blinking {unknown}
 m - a scroll of fear {unknown}
Potions
 e - a potion of ambrosia {unknown}
 g - a potion of lignification {unknown}
Comestibles
 d - 6 rations


   Skills:
 * Level 2.3 Short Blades
 + Level 2.3 Dodging
 + Level 4.0 Stealth
 - Level 1.7 Spellcasting
 * Level 3.2 Hexes


You had 3 spell levels left.
You knew the following spells:

 Your Spells              Type           Power        Failure   Level  Hunger
a - Corona                Hex            #......      13%         1    ##.....
b - Ensorcelled Hibernat  Hex/Ice        #.....       36%         2    ###....

Your spell library contained the following spells:

 Spells                   Type           Power        Failure   Level  Hunger
 Confuse                  Hex            #.......     36%         3    ####...
 Tukima's Dance           Hex            #.......     36%         3    ####...
 Dazzling Spray           Conj/Hex       #.....       58%         3    ####...


Dungeon Overview and Level Annotations

Branches:
Dungeon (3/15)

Altars:
Dithmenos
Okawaru
Xom

Annotations:
D:3 Natasha


Innate Abilities, Weirdness & Mutations

Your body is rotting away.
You thrive on raw meat.
You are immune to poison.
You have sharp fingernails.
You are carnivorous and can eat meat at any time.
Your flesh is cold resistant. (rC+)
You are immune to negative energy. (rN+++)
You do not regenerate when monsters are visible.
You are immune to unholy pain and torment.
You can survive without breathing.


Message History

Natasha easily resists.
The white imp hits you. The white imp freezes you. You resist.
Natasha misses you.
Casting: Ensorcelled Hibernation (safe; 36% risk of failure)
Confirm with . or Enter, or press ? or * to list all spells.
You don't have enough magic to cast that spell.
Unknown command.
You miss Natasha. The white imp hits you.
* * * LOW HITPOINT WARNING * * *
The white imp freezes you. You resist.
* * * LOW HITPOINT WARNING * * *
Natasha claws you.
* * * LOW HITPOINT WARNING * * *
Unknown command.
Okay, then.
Okay, then.
Okay, then.
You feel very mighty all of a sudden. The white imp gestures at you.
The puff of frost hits you. You resist.
You die...

## ############## <#
#............#
.######............#
...................#
.#####.............#
## #.............#
#.............#
#.............#
#..........@..#
#..........h5.#
#.............#
.............#
............#
############


You could see Natasha and a white imp.

Vanquished Creatures
  Terence (D:2)
  2 oozes (D:2)
  2 worms (D:2)
  3 dart slugs
  A leopard gecko (D:1)
  A ball python (D:1)
  2 giant cockroaches
  9 goblins
  6 hobgoblins
  6 jackals (D:1)
  3 bats (D:2)
  6 frilled lizards
  8 kobolds
  6 rats
56 creatures vanquished.

Notes
Turn   | Place    | Note
-------+----------+-------------------------------------------
     0 | D:1      | Borgoz the Ghoul Enchanter began the quest for the Orb.
     0 | D:1      | Reached XP level 1. HP: 14/14 MP: 2/2
    55 | D:1      | Reached skill level 1 in Short Blades
   125 | D:1      | Reached XP level 2. HP: 11/20 MP: 3/3
   396 | D:1      | Reached XP level 3. HP: 20/26 MP: 4/4
   436 | D:1      | Found an iron altar of Okawaru.
   890 | D:2      | Learned a level 2 spell: Ensorcelled Hibernation
   904 | D:2      | Found a shadowy altar of Dithmenos.
   904 | D:2      | Found a shimmering altar of Xom.
  1091 | D:2      | Reached XP level 4. HP: 30/33 MP: 1/5
  1378 | D:2      | Noticed Terence
  1400 | D:2      | Killed Terence
  1400 | D:2      | Reached skill level 4 in Stealth
  2127 | D:3      | Noticed Natasha
  2140 | D:3      | Killed from afar by a white imp

Skill      XL: |  1  2  3  4 |
---------------+-------------+-----
Short Blades   | 1 2 |  2.3
Dodging        | 2 |  2.3
Hexes          | 3 |  3.2
Stealth        | 4 |  4.0
Spellcasting   | |  1.7

Action                   |  1- 3 |  4- 6 || total
-------------------------+-------+-------++-------
Melee: Dagger            |   189 |    56 ||   245
 Cast: Corona            |     4 |     1 ||     5
       Ensorcelled Hiber |     1 |     3 ||     4
  Use: Potion            |       |     5 ||     5
 Stab: Sleeping          |     4 |     2 ||     6
  Eat: Chunk             |    17 |     9 ||    26
Armor: Leather armour    |    29 |     6 ||    35
Dodge: Dodged            |   112 |    41 ||   153
